 Dungeon Crawl Stone Soup version 0.30.0-29-ga12c61a403 (webtiles) character file.

Game seed: 11658790903329313562

110546 qw the Severer (level 16, -5/103 (104) HPs)
             Began as a Gargoyle Fighter on June 3, 2023.
             Was a Priest of Okawaru.
             Slain by an orc knight
             ... wielding a +0 glaive
              (11 damage)
             ... on level 2 of the Orcish Mines.
             The game lasted 00:17:16 (27701 turns).

qw the Severer (Gargoyle Fighter)                  Turns: 27701, Time: 00:17:16

HP:   -5/103 (104)  AC: 40    Str: 27    XL:     16   Next: 55%
MP:   23/23         EV: 10    Int: 10    God:    Okawaru [***...]
Gold: 1158          SH: 13    Dex:  9    Spells: 15/15 levels left

rFire   + . .        Y - +2 broad axe
rCold   + + .        A - +0 kite shield
rNeg    + . .        B - +0 plate armour {rC+}
rPois   inf          y - +2 helmet
rElec   +            w - scarf {rC+ rF+}
rCorr   .            D - +2 pair of gloves
SInv    +            b - +1 pair of boots
Will    ++...        t - amulet of the acrobat Stlth
                     s - ring of willpower
HPRegen 0.37/turn    m - ring of see invisible
MPRegen 0.18/turn

%: acrobat
@: about to teleport, heroic, flying, lightly drained
A: sickness immunity, AC +12, big wings, negative energy resistance 1,
electricity resistance, torment resistance 1, petrification resistance
a: Renounce Religion, Heroism


You were on level 2 of the Orcish Mines.
You worshipped Okawaru.
Okawaru was most pleased with you.
You visited 4 branches of the dungeon, and saw 23 of its levels.
You also visited: Sewer and Ossuary.

You collected 1980 gold pieces.
You spent 822 gold pieces at shops.


Innate Abilities, Weirdness & Mutations

You are immune to sickness and miasma.
Your stone body is resilient. (AC +12)
You are immune to poison.
Your large and strong wings let you fly.
You resist negative energy. (rN+)
You are resistant to electric shocks. (rElec)
You are resistant to unholy torment.
You are immune to petrification.


   Skills:
 - Level 13.0(18.0) Fighting
 + Level 17.2(22.2) Axes
 - Level 7.1(12.1) Throwing
 - Level 12.0(17.0) Armour
 - Level 3.0(8.0) Dodging
 - Level 13.0(18.0) Shields
 - Level 10.0 Invocations


You had 15 spell levels left.
You didn't know any spells.
Your spell library was empty.

Inventory:

Hand Weapons
 E - a +0 morningstar
 Y - a +2 broad axe (weapon)
Missiles
 q - 3 silver javelins (quivered)
 z - 5 boomerangs
 C - 7 javelins
Armour
 b - a +1 pair of boots (worn)
 k - the +2 pair of gloves of Evamaw {+Blink rF- rCorr Str+2}
   (You found it on level 13 of the Dungeon)

   Str:       It affects your strength (+2).
   rF:        It makes you vulnerable to fire.
   +Blink:    It lets you blink.
   rCorr:     It protects you from acid and corrosion.
 w - a scarf of resistance (worn)
 y - a +2 helmet (worn)
 A - a +0 kite shield (worn)
 B - a +0 plate armour of cold resistance (worn)
 D - a +2 pair of gloves (worn)
 F - a +2 cloak
Jewellery
 a - a ring of positive energy
 c - a ring of resist corrosion
 l - a ring of protection from fire
 m - a ring of see invisible (right hand)
 s - a ring of willpower (left hand)
 t - an amulet of the acrobat (around neck)
 v - a ring of fire
Wands
 x - a wand of digging (6)
Scrolls
 h - 4 scrolls of identify
 o - a scroll of teleportation
Potions
 d - 10 potions of might
 e - 3 potions of cancellation
 f - 10 potions of curing
 g - 8 potions of attraction
 i - a potion of magic
 j - 6 potions of haste
 n - 4 potions of mutation
 p - 5 potions of heal wounds
 r - a potion of resistance
 u - 3 potions of lignification

Dungeon Overview and Level Annotations

Branches:
Dungeon (15/15)            Temple (1/1) D:4            Lair (5/5) D:11
  Swamp (0/4) Lair:3        Snake (0/4) Lair:3        Slime (0/5) Lair:5
    Orc (2/2) D:11         Vaults (0/5) D:13         Depths (0/4) D:15
  Sewer (visited)         Ossuary (visited)
    Elf: Orc:2

Altars:
Ashenzari
Cheibriados
Dithmenos
Elyvilon
Fedhas
Gozag
Hepliaklqana
Kikubaaqudgha
Makhleb
Nemelex Xobeh
Okawaru
Qazlal
Ru
Sif Muna
Trog
Uskayaw
Vehumet
Wu Jian
Xom
Yredelemnul
Zin
The Shining One
Jiyva

Shops:
D:1 !   D:3 *[   D:10 !   D:11 *(:[*   Orc:2 *(

Portals:
Abyss: D:6

Annotations:
D:6 2 transporters, qw's ghost, novice GrFi
D:7 1 runed translucent door, Crazy Yiuf


Message History

You barely miss the orc knight.
The orc knight is moderately wounded.
You hit the orc high priest but do no damage.
You slice the orc knight!!
The orc sorcerer points at you and mumbles some strange words.
The bolt of negative energy hits you. You partially resist.
You feel drained.
The orc knight roars a battlecry!
The orc warlord goes into a battle-frenzy!
The orc high priest hits you but does no damage.
You slash the orc knight!
The orc knight is heavily wounded.
You hit the orc high priest. You closely miss the orc knight.
The orc knight barely misses you.
You closely miss the orc knight.
The orc knight is heavily wounded.
You slash the orc high priest!
You hit the orc knight but do no damage.
The orc sorcerer howls an incantation.
You feel disoriented.
The orc high priest hits you but does no damage.
The orc sorcerer mumbles some strange words.
The orc knight barely misses you.
The orc knight hits you with a +0 glaive!!
You slash the orc knight!
The orc knight is severely wounded.
You closely miss the orc high priest. You closely miss the orc knight.
The orc knight hits you with a +0 battleaxe!!!
The orc sorcerer howls an incantation.
The orc sorcerer shimmers violently.
The orc high priest hits you but does no damage.
The orc knight hits you with a +0 glaive!!
27701 ||| READING 2 scrolls of teleportation.
As you read the scroll of teleportation, it crumbles to dust.
You feel strangely unstable.
The orc knight hits you but does no damage.
The orc sorcerer gestures wildly while chanting.
The orc high priest starts to sing a prayer.
The orc high priest hits you with a +0 scimitar.
The orc knight hits you with a +0 glaive!
You die...

.........P.o..#
...................
..........#.o.#
..........44.###
...........o4#.##
................# #
........oo......# .#
.........oo....## ..
........o@o..### ..
......#......##
.............#.......#
............##....#.##
...........##........#
..................#.##
.................#.##
....................#
#................#.##


You could see an orc warlord (strong), 2 orc knights, 2 orc high priests, a rust
devil (summoned), 2 chaos spawn and 3 orc sorcerers.

Vanquished Creatures
  An orc warlord (Orc:1)
  A fire dragon (D:15)
  A yaktaur captain (D:15)
  2 ogre magi
  A rakshasa (D:15)
  8 hydras
  7 centaur warriors
  An anaconda (Lair:3)
  4 catoblepae
  10 two-headed ogres
  6 boulder beetles
  5 tengu warriors
  16 death yaks
  A deep elf knight (D:15)
  Sonja (D:13)
  5 skysharks
  2 orc knights
  A lindwurm (Lair:2)
  Pikel (D:6)
  A necromancer (D:15)
  5 orc sorcerers
  A deep elf pyromancer (D:14)
  7 ugly things
  4 manticores
  2 deep elf zephyrmancers (D:15)
  A salamander (Lair:3)
  An oklob plant (Lair:1)
  11 cyclopes
  2 naga magi (D:15)
  6 black mambas
  A black mamba (shapeshifter) (D:15)
  2 torpor snails (Lair:3)
  2 gargoyles
  15 cane toads
  An unseen horror (D:12)
  4 rime drakes
  A yaktaur (D:15)
  15 komodo dragons
  Psyche (D:12)
  2 centaur skeletons (D:15)
  A kobold demonologist (D:11)
  4 efreet
  A freezing wraith (D:14)
  A tengu conjurer (D:15)
  A harpy zombie (D:15)
  3 meliai (D:15)
  2 tyrant leeches (Lair:3)
  12 polar bears
  8 trolls
  12 blink frogs
  A wolf spider simulacrum (D:13)
  Grinder (D:6)
  A snapping turtle (shapeshifter) (D:14)
  4 dream sheep (Lair:5)
  5 centaur simulacra
  Sigmund (D:4)
  10 slime creatures
  A shadow (D:9)
  A water elemental (D:13)
  A wraith (D:11)
  A vampire (D:12)
  6 wyverns
  68 yaks
  A steam dragon (Lair:2)
  6 vampire mosquitoes (D:12)
  3 basilisks
  A redback simulacrum (D:15)
  A redback (D:15)
  Menkaure (D:5)
  6 wargs
  2 swamp worms (Lair:3)
  3 acid dragons
  17 water moccasins
  A sky beast (D:6)
  A meliai simulacrum (D:13)
  23 orc warriors
  6 black bears
  8 ice beasts
  An ogre (shapeshifter) (D:15)
  7 ogres
  16 wolves
  12 centaurs
  3 lemures (D:6)
  5 kobold brigands
  15 bullfrogs
  3 gnoll sergeants
  6 scorpions
  8 wights
  10 killer bees (D:11)
  7 electric eels
  A howler monkey (D:8)
  3 lava snakes
  A bullfrog zombie (Ossuary)
  4 centaur zombies
  3 hounds
  6 jellies
  A human zombie (Ossuary)
  14 orc priests
  A sleepcap (D:6)
  3 iguanas
  A boggart zombie (D:15)
  A gnoll bouda (D:8)
  Ijyb (D:4)
  A scorpion zombie (Ossuary)
  15 orc wizards
  4 hell rats (Lair:1)
  2 ogre zombies (Ossuary)
  A boggart simulacrum (D:13)
  21 gnolls
  6 adders
  A shadow imp (D:5)
  7 white imps
  3 ufetubi
  3 adder zombies (Ossuary)
  A worm (D:2)
  5 dart slugs
  58 orcs
  7 ball pythons
  3 bats
  7 endoplasms
  8 giant cockroaches
  8 goblins
  8 hobgoblins
  3 jackals (D:2)
  4 quokkas
  7 frilled lizards
  3 gnoll zombies (Ossuary)
  5 goblin zombies
  3 hobgoblin zombies (Ossuary)
  19 kobolds
  3 orc zombies (Ossuary)
  7 rats
741 creatures vanquished.

Vanquished Creatures (others)
  A slime creature (D:14)
  A centaur (D:15)
  2 orcs
  A goblin (D:1)
5 creatures vanquished.

Grand Total: 746 creatures vanquished

Notes
Turn   | Place    | Note
-------+----------+-------------------------------------------
     0 | D:1      | qw the Gargoyle Fighter began the quest for the Orb.
     0 | D:1      | Reached XP level 1. HP: 14/14 MP: 1/1
     0 | D:1      | 0 ||| qw: Version: 0.2-a-103-g5a998e5
     0 | D:1      | 0 ||| qw: Game counter: 1122
     0 | D:1      | 0 ||| qw: Always use a shield: true
     0 | D:1      | 0 ||| qw: God list: Okawaru
     0 | D:1      | 0 ||| qw: Allow faded altars: false
     0 | D:1      | 0 ||| qw: Do Orc after D:15 true
     0 | D:1      | 0 ||| qw: Do second Lair branch before Depths: true
     0 | D:1      | 0 ||| qw: Lair rune preference: random
     0 | D:1      | 0 ||| qw: Plans: Normal, Zot:1-4, Slime:5, God:TSO, Crypt,
                  | Tomb, Pan, Hells, Abyss, Win
     0 | D:1      | 0 ||| PLANNING D:1-11
    13 | D:1      | 13 ||| Stepping ~*~*~tactically~*~*~ (hiding).
    23 | D:1      | Reached skill level 2 in Axes
    35 | D:1      | 35 ||| Stepping ~*~*~tactically~*~*~ (stealth).
    56 | D:1      | Reached XP level 2. HP: 19/19 MP: 2/2
   375 | D:1      | Found a faded altar of an unknown god.
   375 | D:1      | Noticed a Hell Sentinel
   567 | D:1      | Reached skill level 3 in Axes
   712 | D:1      | Found Toseife's Distillery.
   721 | D:1      | 721 ||| SHOPLISTING 2 potions of might (96 gold, have 56).
   721 | D:1      | 721 ||| BUYING potion of attraction (36 gold).
   721 | D:1      | Bought a potion of attraction for 36 gold pieces
   721 | D:1      | 721 ||| SHOPLISTING potion of haste (120 gold, have 20).
   721 | D:1      | 721 ||| SHOPLISTING potion of heal wounds (60 gold, have
                  | 20).
   764 | D:1      | 764 ||| DROPPING orb of light.
   765 | D:1      | 765 ||| READING scroll labelled BELOXA MOYX.
   766 | D:1      | 766 ||| READING scroll labelled JAUCVIWNORCH.
   832 | D:2      | Reached XP level 3. HP: 23/23 MP: 3/3
   900 | D:2      | 900 ||| Stepping ~*~*~tactically~*~*~ (hiding).
   962 | D:2      | 962 ||| Stepping ~*~*~tactically~*~*~ (hiding).
   983 | D:2      | 983 ||| Stepping ~*~*~tactically~*~*~ (stealth).
  1033 | D:2      | 1033 ||| FLEEEEING.
  1034 | D:2      | 1034 ||| FLEEEEING.
  1035 | D:2      | 1035 ||| FLEEEEING.
  1063 | D:2      | 1063 ||| Stepping ~*~*~tactically~*~*~ (hiding).
  1191 | D:2      | 1191 ||| Stepping ~*~*~tactically~*~*~ (hiding).
  1198 | D:2      | Reached XP level 4. HP: 28/28 MP: 4/4
  1571 | D:2      | 1571 ||| UPGRADING to +0 chain mail.
  1581 | D:2      | 1581 ||| DROPPING +0 scale mail.
  1582 | D:2      | 1582 ||| READING 2 scrolls labelled DAPHU LAMPAE.
  1583 | D:2      | 1583 ||| READING scroll labelled YNOIPTO JUCA.
  1584 | D:2      | 1584 ||| READING 2 scrolls labelled HOAQEWN DAXEIW.
  1585 | D:2      | 1585 ||| READING scroll labelled ICLACU JUOL.
  1586 | D:2      | 1586 ||| READING 3 scrolls of identify.
  1586 | D:2      | 1586 ||| IDENTIFYING pink potion
  1587 | D:2      | 1587 ||| READING 2 scrolls of identify.
  1587 | D:2      | 1587 ||| IDENTIFYING smoky coppery potion
  1588 | D:2      | 1588 ||| DROPPING scroll of vulnerability.
  1589 | D:2      | 1589 ||| DROPPING potion of ambrosia.
  1590 | D:2      | 1590 ||| DROPPING scroll of noise.
  1599 | D:3      | 1599 ||| PLANNING SEWER
  1680 | D:3      | Found a glowing drain.
  1729 | D:3      | 1729 ||| UPGRADING to ring of resist corrosion.
  1753 | D:3      | Reached skill level 4 in Axes
  1762 | Sewer    | Entered a sewer
  1789 | Sewer    | Noticed a kobold brigand
  1798 | Sewer    | Killed a kobold brigand
  1799 | Sewer    | Reached XP level 5. HP: 20/32 MP: 5/5
  1849 | Sewer    | 1849 ||| DROPPING +0 club.
  1926 | Sewer    | Noticed a kobold brigand
  1931 | Sewer    | Reached skill level 5 in Axes
  1936 | Sewer    | Killed a kobold brigand
  1937 | Sewer    | Reached XP level 6. HP: 35/39 MP: 6/6
  1987 | Sewer    | 1987 ||| DRINKING 2 bubbling red potions.
  2100 | Sewer    | 2100 ||| READING scroll labelled GEHUNW JOYKHLE.
  2103 | Sewer    | 2103 ||| DRINKING 2 inky potions.
  2104 | Sewer    | 2104 ||| DRINKING 2 smoky orange potions.
  2105 | Sewer    | 2105 ||| DRINKING 2 fuming purple potions.
  2106 | Sewer    | 2106 ||| DROPPING potion of invisibility.
  2107 | Sewer    | 2107 ||| DROPPING potion of magic.
  2117 | D:3      | 2117 ||| PLANNING D:1-11
  2171 | D:3      | Found an opulent altar of Gozag.
  2174 | D:3      | Found Gozag's Platinum Reserve.
  2182 | D:3      | 2182 ||| SHOPLISTING +2 ring mail of the Great Game {Will+
                  | rCorr Str+2 Dex+2} (4060 gold, have 84).
  2182 | D:3      | 2182 ||| SHOPLISTING ring "Puopn" {rCorr MP+9} (4590 gold,
                  | have 84).
  2182 | D:3      | 2182 ||| SHOPLISTING ring of the Green Breadfruit {Fly rC+
                  | rN++ rCorr Str-4} (3920 gold, have 84).
  2333 | D:3      | 2333 ||| Stepping ~*~*~tactically~*~*~ (stealth).
  2335 | D:3      | 2335 ||| Stepping ~*~*~tactically~*~*~ (stealth).
  2372 | D:3      | Found Arraunil's Antique Armour Boutique.
  2383 | D:3      | 2383 ||| SHOPLISTING pair of gloves (117 gold, have 89).
  2787 | D:3      | 2787 ||| Stepping ~*~*~tactically~*~*~ (hiding).
  2789 | D:3      | 2789 ||| Stepping ~*~*~tactically~*~*~ (hiding).
  2953 | D:3      | 2953 ||| DROPPING ring of wizardry.
  2954 | D:3      | 2954 ||| READING 2 scrolls of identify.
  2954 | D:3      | 2954 ||| IDENTIFYING orange potion
  2955 | D:3      | 2955 ||| DROPPING potion of degeneration.
  3111 | D:4      | Noticed Sigmund
  3112 | D:4      | 3112 ||| Stepping ~*~*~tactically~*~*~ (hiding).
  3113 | D:4      | 3113 ||| Stepping ~*~*~tactically~*~*~ (hiding).
  3114 | D:4      | 3114 ||| Stepping ~*~*~tactically~*~*~ (hiding).
  3156 | D:4      | HP: 9/39 [something (2)]
  3158 | D:4      | 3158 ||| READING scroll of teleportation.
  3161 | D:4      | Killed Sigmund
  3162 | D:4      | Reached skill level 6 in Axes
  3162 | D:4      | Reached XP level 7. HP: 6/44 MP: 7/7
  3468 | D:4      | Noticed Ijyb
  3483 | D:4      | Killed Ijyb
  3529 | D:4      | 3529 ||| Stepping ~*~*~tactically~*~*~ (stealth).
  3543 | D:4      | Found a staircase to the Ecumenical Temple.
  3544 | D:4      | 3544 ||| PLANNING TEMPLE
  3544 | D:4      | 3544 ||| READING scroll labelled DYLAAHYURE.
  3545 | D:4      | 3545 ||| READING 2 scrolls of identify.
  3545 | D:4      | 3545 ||| IDENTIFYING sapphire potion
  3547 | D:4      | 3547 ||| DROPPING potion of brilliance.
  3555 | D:4      | Reached skill level 1 in Dodging
  3563 | Temple   | Entered the Ecumenical Temple
  3580 | Temple   | 3580 ||| PLANNING OKAWARU WORSHIP
  3746 | Temple   | Became a worshipper of Warmaster Okawaru
  3746 | Temple   | 3746 ||| PLANNING D:1-11
  3893 | D:4      | 3893 ||| Stepping ~*~*~tactically~*~*~ (hiding).
  3895 | D:4      | 3895 ||| Stepping ~*~*~tactically~*~*~ (hiding).
  3896 | D:4      | 3896 ||| Stepping ~*~*~tactically~*~*~ (hiding).
  3898 | D:4      | 3898 ||| Stepping ~*~*~tactically~*~*~ (hiding).
  4164 | D:4      | 4164 ||| DROPPING +1 whip of pain.
  4253 | D:4      | 4253 ||| Stepping ~*~*~tactically~*~*~ (hiding).
  4272 | D:4      | Reached skill level 7 in Axes
  4600 | D:4      | 4600 ||| UPGRADING to +0 pair of boots.
  4605 | D:4      | 4605 ||| UPGRADING to +0 plate armour.
  4615 | D:4      | 4615 ||| DROPPING +0 chain mail.
  4616 | D:4      | 4616 ||| READING scroll labelled UCEAPU CU OMOI.
  4617 | D:4      | 4617 ||| DRINKING 2 fizzy inky potions.
  4618 | D:4      | 4618 ||| READING 2 scrolls of identify.
  4618 | D:4      | 4618 ||| IDENTIFYING red potion
  4619 | D:4      | 4619 ||| DROPPING potion of flight.
  4666 | D:5      | Entered Level 5 of the Dungeon
  4816 | D:5      | 4816 ||| READING scroll of enchant armour.
  4816 | D:5      | 4816 ||| ENCHANTING +0 pair of boots.
  4827 | D:5      | 4827 ||| Stepping ~*~*~tactically~*~*~ (stealth).
  4862 | D:5      | Reached XP level 8. HP: 42/49 MP: 8/8
  5015 | D:5      | Noticed Menkaure
  5016 | D:5      | 5016 ||| Stepping ~*~*~tactically~*~*~ (hiding).
  5017 | D:5      | 5017 ||| Stepping ~*~*~tactically~*~*~ (hiding).
  5019 | D:5      | 5019 ||| Stepping ~*~*~tactically~*~*~ (hiding).
  5020 | D:5      | 5020 ||| Stepping ~*~*~tactically~*~*~ (hiding).
  5022 | D:5      | 5022 ||| Stepping ~*~*~tactically~*~*~ (hiding).
  5023 | D:5      | 5023 ||| Stepping ~*~*~tactically~*~*~ (hiding).
  5024 | D:5      | 5024 ||| Stepping ~*~*~tactically~*~*~ (hiding).
  5032 | D:5      | Killed Menkaure
  5032 | D:5      | Reached * piety under Okawaru
  5104 | D:5      | Found a shimmering blue altar of Sif Muna.
  5237 | D:5      | 5237 ||| INVOKING Heroism.
  5238 | D:5      | 5238 ||| INVOKING Heroism.
  5245 | D:5      | Reached skill level 8 in Axes
  5250 | D:5      | Reached skill level 1 in Invocations
  5347 | D:5      | Found a shadowy altar of Dithmenos.
  5348 | D:5      | Found an ancient bone altar of Kikubaaqudgha.
  5436 | D:6      | 5436 ||| PLANNING OSSUARY
  5436 | D:6      | Noticed Pikel
  5436 | D:6      | Noticed Grinder
  5437 | D:6      | 5437 ||| INVOKING Heroism.
  5454 | D:6      | 5454 ||| INVOKING Heroism.
  5457 | D:6      | Killed Pikel
  5458 | D:6      | Reached XP level 9. HP: 22/57 MP: 7/12
  5465 | D:6      | HP: 14/57 [Grinder (1)]
  5466 | D:6      | 5466 ||| DRINKING 2 potions of heal wounds.
  5471 | D:6      | Killed Grinder
  5474 | D:6      | 5474 ||| FLEEEEING.
  5475 | D:6      | 5475 ||| FLEEEEING.
  5476 | D:6      | 5476 ||| FLEEEEING.
  5477 | D:6      | 5477 ||| STAIRDANCE
  5561 | D:6      | Reached ** piety under Okawaru
  5579 | D:6      | 5579 ||| INVOKING Heroism.
  5583 | D:6      | 5583 ||| Stepping ~*~*~tactically~*~*~ (stealth).
  5603 | D:6      | 5603 ||| Stepping ~*~*~tactically~*~*~ (stealth).
  5604 | D:6      | 5604 ||| Stepping ~*~*~tactically~*~*~ (stealth).
  5605 | D:6      | 5605 ||| Stepping ~*~*~tactically~*~*~ (stealth).
  5606 | D:6      | 5606 ||| Stepping ~*~*~tactically~*~*~ (stealth).
  5610 | D:6      | Reached skill level 9 in Axes
  5613 | D:6      | 5613 ||| Stepping ~*~*~tactically~*~*~ (stealth).
  5614 | D:6      | 5614 ||| Stepping ~*~*~tactically~*~*~ (stealth).
  5616 | D:6      | Found a transporter.
  5627 | D:6      | 5627 ||| INVOKING Heroism.
  5629 | D:6      | 5629 ||| Stepping ~*~*~tactically~*~*~ (hiding).
  5698 | D:6      | 5698 ||| INVOKING Heroism.
  5798 | D:6      | 5798 ||| Stepping ~*~*~tactically~*~*~ (hiding).
  5800 | D:6      | 5800 ||| INVOKING Heroism.
  5808 | D:6      | Reached skill level 6 in Armour
  5823 | D:6      | 5823 ||| INVOKING Heroism.
  5984 | D:6      | Found a sand-covered staircase.
  5985 | D:6      | 5985 ||| UPGRADING to ring of see invisible.
  5986 | D:6      | 5986 ||| READING scroll labelled DIHYAXANIM.
  5987 | D:6      | 5987 ||| READING scroll labelled FAEGIA SEOTS.
  5999 | Ossuary  | Entered an ossuary
  6187 | Ossuary  | Reached XP level 10. HP: 63/63 MP: 13/13
  6292 | D:6      | 6292 ||| PLANNING D:1-11
  6292 | D:6      | 6292 ||| READING scroll of brand weapon.
  6292 | D:6      | 6292 ||| BRANDING +1 war axe of freezing.
  6338 | D:6      | Found a one-way gate to the infinite horrors of the Abyss.
  6338 | D:6      | Noticed qw's ghost (novice GrFi)
  6386 | D:6      | 6386 ||| READING scroll labelled LOEMUL KAIFREY.
  6387 | D:6      | 6387 ||| READING scroll labelled WARYAN ZIMMIU.
  6388 | D:6      | 6388 ||| READING 2 scrolls of identify.
  6388 | D:6      | 6388 ||| IDENTIFYING white potion
  6389 | D:6      | Found a transporter.
  6429 | D:7      | Reached skill level 10 in Axes
  6757 | D:7      | 6757 ||| Stepping ~*~*~tactically~*~*~ (stealth).
  6759 | D:7      | 6759 ||| Stepping ~*~*~tactically~*~*~ (hiding).
  6771 | D:7      | 6771 ||| INVOKING Heroism.
  6901 | D:7      | 6901 ||| READING scroll of enchant weapon.
  6901 | D:7      | 6901 ||| ENCHANTING +1 war axe of venom.
  7075 | D:7      | Found a flagged portal.
  7115 | D:7      | 7115 ||| Stepping ~*~*~tactically~*~*~ (stealth).
  7241 | D:7      | Found a runed translucent door.
  7242 | D:7      | Noticed Crazy Yiuf
  7245 | D:7      | 7245 ||| UPGRADING to +2 buckler.
  7255 | D:7      | 7255 ||| DROPPING +0 buckler.
  7256 | D:7      | 7256 ||| UPGRADING to ring of willpower.
  7258 | D:7      | 7258 ||| READING 2 scrolls of identify.
  7258 | D:7      | 7258 ||| IDENTIFYING murky cyan potion
  7369 | D:8      | 7369 ||| INVOKING Heroism.
  7370 | D:8      | 7370 ||| Stepping ~*~*~tactically~*~*~ (hiding).
  7371 | D:8      | 7371 ||| Stepping ~*~*~tactically~*~*~ (hiding).
  7504 | D:8      | 7504 ||| FLEEEEING.
  7505 | D:8      | 7505 ||| FLEEEEING.
  7506 | D:8      | 7506 ||| FLEEEEING.
  7507 | D:8      | 7507 ||| FLEEEEING.
  7589 | D:8      | Noticed a boulder beetle
  7590 | D:8      | 7590 ||| INVOKING Heroism.
  7602 | D:8      | Killed a boulder beetle
  7602 | D:8      | Reached *** piety under Okawaru
  7638 | D:8      | 7638 ||| Stepping ~*~*~tactically~*~*~ (stealth).
  7659 | D:8      | 7659 ||| INVOKING Heroism.
  7680 | D:8      | Reached skill level 11 in Axes
  7781 | D:8      | 7781 ||| Stepping ~*~*~tactically~*~*~ (hiding).
  7858 | D:8      | 7858 ||| Stepping ~*~*~tactically~*~*~ (hiding).
  7860 | D:8      | 7860 ||| Stepping ~*~*~tactically~*~*~ (hiding).
  7861 | D:8      | 7861 ||| Stepping ~*~*~tactically~*~*~ (hiding).
  7863 | D:8      | 7863 ||| INVOKING Heroism.
  8119 | D:8      | 8119 ||| UPGRADING to amulet of the acrobat.
  8124 | D:8      | 8124 ||| READING scroll labelled UMID FOULIJIK.
  8166 | D:8      | 8166 ||| READING 2 scrolls of identify.
  8166 | D:8      | 8166 ||| IDENTIFYING bubbling cyan potion
  8284 | D:9      | 8284 ||| FLEEEEING.
  8285 | D:9      | 8285 ||| FLEEEEING.
  8286 | D:9      | 8286 ||| FLEEEEING.
  8291 | D:9      | 8291 ||| FLEEEEING.
  8296 | D:9      | 8296 ||| STAIRDANCE
  8384 | D:8      | 8384 ||| UPGRADING to scarf of repulsion.
  8520 | D:9      | Noticed a two-headed ogre
  8521 | D:9      | 8521 ||| INVOKING Heroism.
  8529 | D:9      | Killed a two-headed ogre
  8530 | D:9      | Reached skill level 9 in Fighting
  8530 | D:9      | Reached XP level 11. HP: 51/71 MP: 12/14
  8642 | D:9      | 8642 ||| Stepping ~*~*~tactically~*~*~ (hiding).
  8759 | D:9      | Reached **** piety under Okawaru
  8954 | D:9      | 8954 ||| INVOKING Heroism.
  8963 | D:9      | 8963 ||| Stepping ~*~*~tactically~*~*~ (stealth).
  8970 | D:9      | 8970 ||| Stepping ~*~*~tactically~*~*~ (stealth).
  8971 | D:9      | 8971 ||| Stepping ~*~*~tactically~*~*~ (stealth).
  8972 | D:9      | 8972 ||| Stepping ~*~*~tactically~*~*~ (stealth).
  8973 | D:9      | 8973 ||| Stepping ~*~*~tactically~*~*~ (stealth).
  9246 | D:9      | Noticed a seven-headed hydra
  9247 | D:9      | 9247 ||| INVOKING Heroism.
  9251 | D:9      | 9251 ||| SWAPPING to +2 flail of protection.
  9259 | D:9      | Killed a seven-headed hydra
  9260 | D:9      | 9260 ||| SWAPPING to +2 war axe of venom.
  9264 | D:9      | Reached skill level 12 in Axes
  9264 | D:9      | Reached skill level 6 in Invocations
  9584 | D:9      | Found a bloodstained altar of Trog.
  9586 | D:9      | 9586 ||| INVOKING Heroism.
  9839 | D:9      | 9839 ||| UPGRADING to scarf of resistance.
  9882 | D:10     | Entered Level 10 of the Dungeon
  9934 | D:10     | Found Megysaboe's Distillery.
  9944 | D:10     | 9944 ||| BUYING potion of cancellation (112 gold).
  9944 | D:10     | Bought a potion of cancellation for 112 gold pieces
  9944 | D:10     | 9944 ||| BUYING potion of haste (140 gold).
  9944 | D:10     | Bought a potion of haste for 140 gold pieces
  9944 | D:10     | 9944 ||| BUYING potion of haste (140 gold).
  9944 | D:10     | Bought a potion of haste for 140 gold pieces
  9944 | D:10     | 9944 ||| BUYING potion of heal wounds (70 gold).
  9944 | D:10     | Bought a potion of heal wounds for 70 gold pieces
  9944 | D:10     | 9944 ||| BUYING potion of lignification (42 gold).
  9944 | D:10     | Bought a potion of lignification for 42 gold pieces
  9944 | D:10     | 9944 ||| SHOPLISTING potion of might (56 gold, have 51).
  9944 | D:10     | Noticed a two-headed ogre
  9945 | D:10     | 9945 ||| INVOKING Heroism.
  9948 | D:10     | 9948 ||| DROPPING amulet of guardian spirit.
  9955 | D:10     | Killed a two-headed ogre
 10101 | D:10     | 10101 ||| INVOKING Heroism.
 10372 | D:10     | 10372 ||| INVOKING Heroism.
 10535 | D:10     | 10535 ||| INVOKING Heroism.
 10699 | D:10     | Noticed a two-headed ogre
 10700 | D:10     | 10700 ||| INVOKING Heroism.
 10710 | D:10     | Killed a two-headed ogre
 10711 | D:10     | Reached skill level 1 in Throwing
 11165 | D:10     | 11165 ||| DROPPING scarf of repulsion.
 11166 | D:10     | 11166 ||| UPGRADING to +0 helmet.
 11171 | D:10     | 11171 ||| UPGRADING to +0 kite shield.
 11181 | D:10     | 11181 ||| DROPPING +2 buckler.
 11182 | D:10     | 11182 ||| READING scroll labelled IHURAR NURCHOOT.
 11192 | D:11     | Found Uvvuedoh's General Store.
 11198 | D:11     | 11198 ||| BUYING potion of heal wounds (90 gold).
 11198 | D:11     | Bought a potion of heal wounds for 90 gold pieces
 11198 | D:11     | 11198 ||| SHOPLISTING scroll of teleportation (54 gold,
                  | have 7).
 11208 | D:11     | 11208 ||| INVOKING Heroism.
 11222 | D:11     | Reached ***** piety under Okawaru
 11226 | D:11     | Reached XP level 12. HP: 66/76 MP: 16/18
 11227 | D:11     | Reached skill level 6 in Shields
 11272 | D:11     | Found Fagex's Book Emporium.
 11362 | D:11     | 11362 ||| Stepping ~*~*~tactically~*~*~ (stealth).
 11363 | D:11     | 11363 ||| Stepping ~*~*~tactically~*~*~ (stealth).
 11368 | D:11     | 11368 ||| Stepping ~*~*~tactically~*~*~ (hiding).
 11398 | D:11     | 11398 ||| FLEEEEING.
 11521 | D:11     | Found Peckofu's Weapon Shoppe.
 11578 | D:11     | 11578 ||| FLEEEEING.
 11579 | D:11     | 11579 ||| FLEEEEING.
 11580 | D:11     | 11580 ||| FLEEEEING.
 11581 | D:11     | 11581 ||| FLEEEEING.
 11582 | D:11     | 11582 ||| FLEEEEING.
 11583 | D:11     | 11583 ||| FLEEEEING.
 11584 | D:11     | 11584 ||| FLEEEEING.
 11585 | D:11     | 11585 ||| FLEEEEING.
 11586 | D:11     | 11586 ||| FLEEEEING.
 11587 | D:11     | 11587 ||| FLEEEEING.
 11588 | D:11     | 11588 ||| FLEEEEING.
 11592 | D:11     | 11592 ||| FLEEEEING.
 11593 | D:11     | 11593 ||| FLEEEEING.
 11594 | D:11     | 11594 ||| FLEEEEING.
 11595 | D:11     | 11595 ||| FLEEEEING.
 11597 | D:11     | 11597 ||| FLEEEEING.
 11694 | D:11     | Found Nunod's General Store.
 11697 | D:11     | 11697 ||| SHOPLISTING +4 scale mail of Subjectivity {Harm
                  | rPois rC+ rCorr} (717 gold, have 47).
 11697 | D:11     | 11697 ||| SHOPLISTING 2 potions of heal wounds (150 gold,
                  | have 47).
 11697 | D:11     | 11697 ||| BUYING potion of curing (45 gold).
 11697 | D:11     | Bought a potion of curing for 45 gold pieces
 11697 | D:11     | 11697 ||| SHOPLISTING scroll of teleportation (45 gold,
                  | have 2).
 11748 | D:11     | Found a staircase to the Lair.
 11748 | D:11     | Noticed a boulder beetle
 11749 | D:11     | 11749 ||| INVOKING Heroism.
 11750 | D:11     | 11750 ||| INVOKING Finesse.
 11760 | D:11     | Killed a boulder beetle
 11761 | D:11     | Reached skill level 9 in Invocations
 11869 | D:11     | 11869 ||| SWAPPING to +0 broad axe.
 11870 | D:11     | 11870 ||| DROPPING +2 war axe of venom.
 11997 | D:11     | 11997 ||| Stepping ~*~*~tactically~*~*~ (stealth).
 12037 | D:11     | 12037 ||| INVOKING Heroism.
 12135 | D:11     | Found Japnufam's Armour Shoppe.
 12139 | D:11     | 12139 ||| SHOPLISTING +2 helmet of intelligence (301 gold,
                  | have 2).
 12139 | D:11     | 12139 ||| SHOPLISTING +3 plate armour of willpower (630
                  | gold, have 2).
 12447 | D:11     | 12447 ||| Stepping ~*~*~tactically~*~*~ (hiding).
 12498 | D:11     | 12498 ||| INVOKING Heroism.
 12668 | D:11     | Found a staircase to the Orcish Mines.
 12731 | D:11     | 12731 ||| PLANNING LAIR
 12804 | D:11     | 12804 ||| READING scroll of enchant armour.
 12804 | D:11     | 12804 ||| ENCHANTING +0 helmet.
 12871 | Lair:1   | Entered Level 1 of the Lair of Beasts
 12872 | Lair:1   | 12872 ||| INVOKING Heroism.
 12973 | Lair:1   | 12973 ||| INVOKING Heroism.
 12993 | Lair:1   | 12993 ||| Stepping ~*~*~tactically~*~*~ (stealth).
 13013 | Lair:1   | 13013 ||| Stepping ~*~*~tactically~*~*~ (stealth).
 13048 | Lair:1   | 13048 ||| INVOKING Heroism.
 13175 | Lair:1   | 13175 ||| INVOKING Heroism.
 13181 | Lair:1   | Reached skill level 9 in Shields
 13192 | Lair:1   | 13192 ||| Stepping ~*~*~tactically~*~*~ (stealth).
 13202 | Lair:1   | 13202 ||| INVOKING Heroism.
 13323 | Lair:1   | Identified the +4 long sword of Dullness {spect, Drain
                  | rElec Str+7}
 13376 | Lair:1   | 13376 ||| INVOKING Heroism.
 13420 | Lair:1   | 13420 ||| Stepping ~*~*~tactically~*~*~ (stealth).
 13437 | Lair:1   | 13437 ||| INVOKING Heroism.
 13447 | Lair:1   | Reached skill level 3 in Throwing
 13575 | Lair:1   | 13575 ||| INVOKING Heroism.
 14039 | Lair:1   | 14039 ||| READING scroll labelled RATO QEUDD.
 14040 | Lair:1   | 14040 ||| READING scroll labelled TARYKU FAFURCH.
 14141 | Lair:1   | 14141 ||| READING 5 scrolls of identify.
 14141 | Lair:1   | 14141 ||| IDENTIFYING bubbling orange potion
 14142 | Lair:1   | 14142 ||| DROPPING potion of berserk rage.
 14173 | Lair:2   | 14173 ||| PLANNING GAUNTLET
 14242 | Lair:2   | 14242 ||| Stepping ~*~*~tactically~*~*~ (stealth).
 14300 | Lair:2   | 14300 ||| INVOKING Heroism.
 14342 | Lair:2   | 14342 ||| INVOKING Heroism.
 14346 | Lair:2   | Reached XP level 13. HP: 52/80 MP: 17/20
 14458 | Lair:2   | 14458 ||| INVOKING Heroism.
 14482 | Lair:2   | 14482 ||| READING scroll of enchant armour.
 14482 | Lair:2   | 14482 ||| ENCHANTING +1 helmet.
 14694 | Lair:2   | 14694 ||| INVOKING Heroism.
 14735 | Lair:2   | 14735 ||| RIP GAUNTLET
 14738 | Lair:2   | 14738 ||| PLANNING LAIR
 14745 | Lair:2   | 14745 ||| INVOKING Heroism.
 14758 | Lair:2   | Reached skill level 9 in Armour
 15096 | Lair:3   | 15096 ||| STAIRDANCE
 15102 | Lair:2   | 15102 ||| INVOKING Heroism.
 15383 | Lair:3   | 15383 ||| INVOKING Heroism.
 15469 | Lair:3   | 15469 ||| INVOKING Heroism.
 15475 | Lair:3   | HP: 11/82 [komodo dragon (11)]
 15476 | Lair:3   | 15476 ||| READING 2 scrolls of teleportation.
 15477 | Lair:3   | 15477 ||| DRINKING 10 potions of heal wounds.
 15491 | Lair:3   | HP: 20/82 [yak (2)]
 15492 | Lair:3   | 15492 ||| READING scroll of teleportation.
 15493 | Lair:3   | 15493 ||| DRINKING 9 potions of heal wounds.
 15496 | Lair:3   | 15496 ||| DRINKING 8 potions of heal wounds.
 15531 | Lair:3   | 15531 ||| Stepping ~*~*~tactically~*~*~ (stealth).
 15532 | Lair:3   | 15532 ||| INVOKING Heroism.
 15707 | Lair:3   | 15707 ||| Stepping ~*~*~tactically~*~*~ (stealth).
 15710 | Lair:3   | 15710 ||| INVOKING Heroism.
 15713 | Lair:3   | 15713 ||| SWAPPING to +2 flail of protection.
 15729 | Lair:3   | 15729 ||| SWAPPING to +0 broad axe.
 15856 | Lair:3   | 15856 ||| READING scroll of enchant weapon.
 15856 | Lair:3   | 15856 ||| ENCHANTING +0 broad axe.
 15863 | Lair:3   | 15863 ||| Stepping ~*~*~tactically~*~*~ (stealth).
 15873 | Lair:3   | 15873 ||| INVOKING Heroism.
 15922 | Lair:3   | 15922 ||| Stepping ~*~*~tactically~*~*~ (stealth).
 15923 | Lair:3   | 15923 ||| Stepping ~*~*~tactically~*~*~ (stealth).
 16052 | Lair:3   | 16052 ||| INVOKING Heroism.
 16057 | Lair:3   | 16057 ||| Stepping ~*~*~tactically~*~*~ (stealth).
 16058 | Lair:3   | 16058 ||| Stepping ~*~*~tactically~*~*~ (stealth).
 16220 | Lair:3   | 16220 ||| Stepping ~*~*~tactically~*~*~ (stealth).
 16222 | Lair:3   | 16222 ||| INVOKING Heroism.
 16241 | Lair:3   | 16241 ||| Stepping ~*~*~tactically~*~*~ (stealth).
 16243 | Lair:3   | 16243 ||| Stepping ~*~*~tactically~*~*~ (stealth).
 16246 | Lair:3   | 16246 ||| Stepping ~*~*~tactically~*~*~ (stealth).
 16247 | Lair:3   | 16247 ||| Stepping ~*~*~tactically~*~*~ (stealth).
 16248 | Lair:3   | 16248 ||| Stepping ~*~*~tactically~*~*~ (stealth).
 16249 | Lair:3   | 16249 ||| Stepping ~*~*~tactically~*~*~ (stealth).
 16252 | Lair:3   | 16252 ||| Stepping ~*~*~tactically~*~*~ (stealth).
 16263 | Lair:3   | Received a gift from Okawaru
 16283 | Lair:3   | 16283 ||| INVOKING Heroism.
 16285 | Lair:3   | Reached skill level 13 in Axes
 16363 | Lair:3   | 16363 ||| INVOKING Heroism.
 16428 | Lair:3   | 16428 ||| INVOKING Heroism.
 16589 | Lair:3   | 16589 ||| INVOKING Heroism.
 16666 | Lair:3   | 16666 ||| Stepping ~*~*~tactically~*~*~ (stealth).
 16680 | Lair:3   | 16680 ||| INVOKING Heroism.
 16721 | Lair:3   | 16721 ||| Stepping ~*~*~tactically~*~*~ (stealth).
 16723 | Lair:3   | 16723 ||| Stepping ~*~*~tactically~*~*~ (stealth).
 16747 | Lair:3   | 16747 ||| Stepping ~*~*~tactically~*~*~ (stealth).
 16752 | Lair:3   | 16752 ||| INVOKING Heroism.
 16760 | Lair:3   | HP: 18/82 [komodo dragon (8)]
 16761 | Lair:3   | 16761 ||| DRINKING 7 potions of heal wounds.
 17023 | Lair:3   | 17023 ||| INVOKING Heroism.
 17254 | Lair:3   | 17254 ||| INVOKING Heroism.
 17405 | Lair:3   | Found a staircase to the Swamp.
 17414 | Lair:3   | 17414 ||| INVOKING Heroism.
 17549 | Lair:3   | 17549 ||| INVOKING Heroism.
 17682 | Lair:3   | Identified the staff of conjuration "Oghiagy" {rElec Int-3
                  | SInv}
 17720 | Lair:3   | 17720 ||| INVOKING Heroism.
 17795 | Lair:3   | Found a staircase to the Snake Pit.
 17796 | Lair:3   | 17796 ||| Stepping ~*~*~tactically~*~*~ (hiding).
 17814 | Lair:3   | 17814 ||| INVOKING Heroism.
 17817 | Lair:3   | Reached skill level 14 in Axes
 17908 | Lair:3   | 17908 ||| UPGRADING to +2 pair of gloves.
 17913 | Lair:3   | 17913 ||| DROPPING +1 pair of gloves.
 17937 | Lair:3   | 17937 ||| INVOKING Heroism.
 18032 | Lair:4   | Received a gift from Okawaru
 18052 | Lair:4   | Gained mutation: Your large and strong wings let you fly.
                  | [Gargoyle growth]
 18052 | Lair:4   | Reached XP level 14. HP: 84/88 MP: 21/21
 18112 | Lair:4   | 18112 ||| INVOKING Heroism.
 18120 | Lair:4   | 18120 ||| SWAPPING to +2 flail of protection.
 18129 | Lair:4   | 18129 ||| SWAPPING to +1 broad axe.
 18227 | Lair:4   | Identified the +1 ring mail "Zaorohi" {-Cast rElec rPois}
 18263 | Lair:4   | 18263 ||| Stepping ~*~*~tactically~*~*~ (stealth).
 18286 | Lair:4   | Received a gift from Okawaru
 18695 | Lair:4   | 18695 ||| Stepping ~*~*~tactically~*~*~ (stealth).
 19027 | Lair:5   | Entered Level 5 of the Lair of Beasts
 19028 | Lair:5   | 19028 ||| INVOKING Heroism.
 19033 | Lair:5   | 19033 ||| SWAPPING to +2 flail of protection.
 19038 | Lair:5   | 19038 ||| SWAPPING to +1 broad axe.
 19104 | Lair:5   | 19104 ||| Stepping ~*~*~tactically~*~*~ (stealth).
 19105 | Lair:5   | 19105 ||| INVOKING Heroism.
 19116 | Lair:5   | Reached skill level 12 in Shields
 19155 | Lair:5   | HP: 16/90 [death yak (18)]
 19156 | Lair:5   | 19156 ||| DRINKING 6 potions of heal wounds.
 19382 | Lair:5   | Found a frozen archway.
 19399 | Lair:5   | 19399 ||| DROPPING +2 flail of protection.
 19474 | Lair:5   | 19474 ||| INVOKING Heroism.
 19590 | Lair:5   | 19590 ||| Stepping ~*~*~tactically~*~*~ (stealth).
 19591 | Lair:5   | 19591 ||| Stepping ~*~*~tactically~*~*~ (stealth).
 19592 | Lair:5   | 19592 ||| Stepping ~*~*~tactically~*~*~ (stealth).
 19593 | Lair:5   | 19593 ||| Stepping ~*~*~tactically~*~*~ (stealth).
 19595 | Lair:5   | 19595 ||| Stepping ~*~*~tactically~*~*~ (stealth).
 19598 | Lair:5   | 19598 ||| INVOKING Heroism.
 19604 | Lair:5   | 19604 ||| SWAPPING to +0 morningstar.
 19613 | Lair:5   | 19613 ||| SWAPPING to +1 broad axe.
 19624 | Lair:5   | 19624 ||| Stepping ~*~*~tactically~*~*~ (stealth).
 19628 | Lair:5   | 19628 ||| Stepping ~*~*~tactically~*~*~ (stealth).
 19852 | Lair:5   | Reached skill level 15 in Axes
 19870 | Lair:5   | 19870 ||| INVOKING Heroism.
 19958 | Lair:5   | Found a viscous altar of Jiyva.
 19968 | Lair:5   | Found a staircase to the Slime Pits.
 19972 | Lair:5   | 19972 ||| INVOKING Heroism.
 20263 | Lair:5   | 20263 ||| INVOKING Heroism.
 20333 | Lair:5   | 20333 ||| INVOKING Heroism.
 20488 | Lair:5   | 20488 ||| Stepping ~*~*~tactically~*~*~ (hiding).
 20491 | Lair:5   | 20491 ||| INVOKING Heroism.
 20534 | Lair:5   | 20534 ||| Stepping ~*~*~tactically~*~*~ (stealth).
 20535 | Lair:5   | 20535 ||| Stepping ~*~*~tactically~*~*~ (stealth).
 20536 | Lair:5   | 20536 ||| INVOKING Heroism.
 20793 | Lair:5   | Reached XP level 15. HP: 75/96 MP: 22/22
 20796 | Lair:5   | 20796 ||| INVOKING Heroism.
 20897 | Lair:5   | Reached skill level 12 in Fighting
 20906 | Lair:5   | Identified the +3 battleaxe "Mudes" {protect, rF+ Str+2}
 20930 | Lair:5   | 20930 ||| Stepping ~*~*~tactically~*~*~ (stealth).
 20939 | Lair:5   | 20939 ||| INVOKING Heroism.
 21280 | Lair:5   | 21280 ||| PLANNING D
 21280 | Lair:5   | 21280 ||| DROPPING +1 chain mail of cold resistance.
 21281 | Lair:5   | 21281 ||| UPGRADING to +0 plate armour of cold resistance.
 21291 | Lair:5   | 21291 ||| DROPPING +0 plate armour.
 21512 | D:12     | 21512 ||| Stepping ~*~*~tactically~*~*~ (hiding).
 21625 | D:12     | 21625 ||| Stepping ~*~*~tactically~*~*~ (hiding).
 21793 | D:12     | 21793 ||| Stepping ~*~*~tactically~*~*~ (hiding).
 21870 | D:12     | 21870 ||| Stepping ~*~*~tactically~*~*~ (stealth).
 21879 | D:12     | 21879 ||| Stepping ~*~*~tactically~*~*~ (stealth).
 21919 | D:12     | Identified the +7 long sword of Guilt {chaos, rElec rCorr
                  | Str+3 Int+3}
 22131 | D:12     | Noticed Psyche
 22141 | D:12     | Killed Psyche
 22258 | D:12     | 22258 ||| Stepping ~*~*~tactically~*~*~ (hiding).
 22259 | D:12     | 22259 ||| Stepping ~*~*~tactically~*~*~ (hiding).
 22262 | D:12     | 22262 ||| Stepping ~*~*~tactically~*~*~ (hiding).
 22273 | D:12     | Received a gift from Okawaru
 22490 | D:13     | 22490 ||| INVOKING Heroism.
 22560 | D:13     | 22560 ||| INVOKING Heroism.
 22745 | D:13     | 22745 ||| Stepping ~*~*~tactically~*~*~ (hiding).
 22791 | D:13     | 22791 ||| Stepping ~*~*~tactically~*~*~ (stealth).
 22801 | D:13     | Reached skill level 16 in Axes
 22975 | D:13     | 22975 ||| FLEEEEING.
 22978 | D:13     | 22978 ||| FLEEEEING.
 22996 | D:13     | 22996 ||| Stepping ~*~*~tactically~*~*~ (stealth).
 23005 | D:13     | 23005 ||| INVOKING Heroism.
 23046 | D:13     | 23046 ||| Stepping ~*~*~tactically~*~*~ (hiding).
 23049 | D:13     | 23049 ||| INVOKING Heroism.
 23057 | D:13     | Found a gate to the Vaults.
 23118 | D:13     | 23118 ||| Stepping ~*~*~tactically~*~*~ (hiding).
 23253 | D:13     | Identified the +2 pair of gloves of Evamaw {+Blink rF-
                  | rCorr Str+2}
 23267 | D:13     | Noticed Sonja
 23268 | D:13     | 23268 ||| Stepping ~*~*~tactically~*~*~ (stealth).
 23278 | D:13     | Reached skill level 3 in Dodging
 23367 | D:13     | 23367 ||| Stepping ~*~*~tactically~*~*~ (stealth).
 23382 | D:13     | 23382 ||| INVOKING Finesse.
 23449 | D:13     | 23449 ||| INVOKING Heroism.
 23457 | D:13     | Killed Sonja
 23750 | D:13     | Received a gift from Okawaru
 23907 | D:14     | 23907 ||| INVOKING Heroism.
 23921 | D:14     | 23921 ||| Stepping ~*~*~tactically~*~*~ (hiding).
 24131 | D:14     | 24131 ||| INVOKING Heroism.
 24140 | D:14     | Received a gift from Okawaru
 24143 | D:14     | Reached skill level 12 in Armour
 24168 | D:14     | 24168 ||| INVOKING Heroism.
 24271 | D:14     | 24271 ||| Stepping ~*~*~tactically~*~*~ (hiding).
 24273 | D:14     | 24273 ||| Stepping ~*~*~tactically~*~*~ (hiding).
 24278 | D:14     | 24278 ||| INVOKING Heroism.
 24279 | D:14     | 24279 ||| INVOKING Finesse.
 24286 | D:14     | 24286 ||| SWAPPING to +0 morningstar.
 24295 | D:14     | Received a gift from Okawaru
 24296 | D:14     | 24296 ||| SWAPPING to +1 broad axe.
 24495 | D:14     | Found a radiant altar of Vehumet.
 24682 | D:14     | 24682 ||| Stepping ~*~*~tactically~*~*~ (stealth).
 24692 | D:14     | 24692 ||| INVOKING Heroism.
 24693 | D:14     | 24693 ||| READING 4 scrolls of teleportation.
 24723 | D:14     | 24723 ||| Stepping ~*~*~tactically~*~*~ (stealth).
 24725 | D:14     | 24725 ||| Stepping ~*~*~tactically~*~*~ (stealth).
 24731 | D:14     | 24731 ||| Stepping ~*~*~tactically~*~*~ (stealth).
 24822 | D:14     | 24822 ||| Stepping ~*~*~tactically~*~*~ (stealth).
 24824 | D:14     | 24824 ||| Stepping ~*~*~tactically~*~*~ (hiding).
 24840 | D:14     | 24840 ||| INVOKING Heroism.
 24934 | D:14     | 24934 ||| INVOKING Heroism.
 24935 | D:14     | 24935 ||| SWAPPING to +0 morningstar.
 24942 | D:14     | Reached skill level 6 in Throwing
 24942 | D:14     | 24942 ||| SWAPPING to +1 broad axe.
 25171 | D:15     | Entered Level 15 of the Dungeon
 25175 | D:15     | 25175 ||| INVOKING Heroism.
 25181 | D:15     | Reached XP level 16. HP: 101/101 MP: 20/23
 25181 | D:15     | 25181 ||| SWAPPING to +0 morningstar.
 25203 | D:15     | 25203 ||| SWAPPING to +1 broad axe.
 25307 | D:15     | 25307 ||| Stepping ~*~*~tactically~*~*~ (hiding).
 25316 | D:15     | 25316 ||| INVOKING Heroism.
 25343 | D:15     | 25343 ||| INVOKING Heroism.
 25348 | D:15     | HP: 25/101 [komodo dragon (shapeshifter) (4)]
 25349 | D:15     | 25349 ||| READING 3 scrolls of teleportation.
 25430 | D:15     | 25430 ||| INVOKING Heroism.
 25629 | D:15     | 25629 ||| Stepping ~*~*~tactically~*~*~ (hiding).
 25630 | D:15     | 25630 ||| Stepping ~*~*~tactically~*~*~ (hiding).
 25790 | D:15     | 25790 ||| INVOKING Heroism.
 25802 | D:15     | 25802 ||| FLEEEEING.
 25803 | D:15     | 25803 ||| FLEEEEING.
 25804 | D:15     | 25804 ||| FLEEEEING.
 25805 | D:15     | 25805 ||| FLEEEEING.
 25806 | D:15     | 25806 ||| FLEEEEING.
 25807 | D:15     | 25807 ||| FLEEEEING.
 25808 | D:15     | 25808 ||| FLEEEEING.
 25809 | D:15     | 25809 ||| FLEEEEING.
 25810 | D:15     | 25810 ||| FLEEEEING.
 25811 | D:15     | 25811 ||| FLEEEEING.
 25812 | D:15     | 25812 ||| FLEEEEING.
 25813 | D:15     | 25813 ||| FLEEEEING.
 25814 | D:15     | 25814 ||| FLEEEEING.
 25815 | D:15     | 25815 ||| FLEEEEING.
 25816 | D:15     | 25816 ||| FLEEEEING.
 25817 | D:15     | 25817 ||| FLEEEEING.
 25818 | D:15     | 25818 ||| FLEEEEING.
 25819 | D:15     | 25819 ||| FLEEEEING.
 25820 | D:15     | 25820 ||| STAIRDANCE
 26029 | D:15     | 26029 ||| Stepping ~*~*~tactically~*~*~ (hiding).
 26062 | D:15     | Received a gift from Okawaru
 26066 | D:15     | 26066 ||| Stepping ~*~*~tactically~*~*~ (hiding).
 26093 | D:15     | Reached skill level 17 in Axes
 26135 | D:15     | 26135 ||| Stepping ~*~*~tactically~*~*~ (hiding).
 26155 | D:15     | 26155 ||| INVOKING Heroism.
 26407 | D:15     | Found a staircase to the Depths.
 26481 | D:15     | 26481 ||| INVOKING Heroism.
 26624 | D:15     | 26624 ||| PLANNING ORC
 26624 | D:15     | 26624 ||| DROPPING +0 cloak.
 26741 | D:11     | 26741 ||| FLEEEEING.
 26742 | D:11     | 26742 ||| FLEEEEING.
 26743 | D:11     | 26743 ||| FLEEEEING.
 26796 | Orc:1    | Entered Level 1 of the Orcish Mines
 26799 | Orc:1    | 26799 ||| INVOKING Heroism.
 26845 | Orc:1    | 26845 ||| INVOKING Heroism.
 26856 | Orc:1    | HP: 24/104 [orc warrior/+0 glaive (7)]
 26857 | Orc:1    | 26857 ||| READING 2 scrolls of teleportation.
 26858 | Orc:1    | 26858 ||| DRINKING 6 potions of heal wounds.
 26924 | Orc:1    | 26924 ||| FLEEEEING.
 26928 | Orc:1    | 26928 ||| STAIRDANCE
 27329 | Orc:1    | 27329 ||| Stepping ~*~*~tactically~*~*~ (stealth).
 27337 | Orc:1    | 27337 ||| Stepping ~*~*~tactically~*~*~ (hiding).
 27452 | Orc:2    | Entered Level 2 of the Orcish Mines
 27466 | Orc:2    | 27466 ||| Stepping ~*~*~tactically~*~*~ (hiding).
 27480 | Orc:2    | 27480 ||| INVOKING Heroism.
 27497 | Orc:2    | 27497 ||| Stepping ~*~*~tactically~*~*~ (hiding).
 27498 | Orc:2    | 27498 ||| Stepping ~*~*~tactically~*~*~ (hiding).
 27509 | Orc:2    | Received a gift from Okawaru
 27562 | Orc:2    | Found Uvo Cusm's General Store.
 27570 | Orc:2    | 27570 ||| BUYING scroll of enchant weapon (105 gold).
 27570 | Orc:2    | Bought a scroll of enchant weapon for 105 gold pieces
 27570 | Orc:2    | 27570 ||| BUYING scroll of teleportation (42 gold).
 27570 | Orc:2    | Bought a scroll of teleportation for 42 gold pieces
 27570 | Orc:2    | 27570 ||| READING scroll of enchant weapon.
 27570 | Orc:2    | 27570 ||| ENCHANTING +1 broad axe.
 27686 | Orc:2    | 27686 ||| INVOKING Heroism.
 27688 | Orc:2    | Found Goxkaucs's Antique Weapon Shoppe.
 27689 | Orc:2    | 27689 ||| Stepping ~*~*~tactically~*~*~ (hiding).
 27700 | Orc:2    | HP: 7/103 [orc knight/+0 glaive (22)]
 27701 | Orc:2    | 27701 ||| READING 2 scrolls of teleportation.
 27701 | Orc:2    | Slain by an orc knight

Levels and vault maps discovered:
D:1:      spicycebolla_green_bress_n_ham, layout_loops_ring, serial_shops, shop,
          dreamdust_ecumenical_altar_sealed_demon, hangedman_decor_points,
          lemuel_flame_loot_1
D:2:      layout_rooms
D:3:      layout_loops_corners, nicolae_gozag_zags_fifth_avenue,
          gup_sewer_entry_glass, serial_shops, nicolae_shop_waterfront
D:4:      layout_basic, minmay_temple_entry_stoned_glass, uniq_sigmund,
          uniq_ijyb
D:5:      layout_basic, led_sif_pool, nicolae_overflow_squiral, uniq_menkaure
D:6:      cheibrodos_helix_gallery, layout_rooms, enter_ossuary_4,
          gammafunk_ghost_abyssal_escape, uniq_grinder, uniq_pikel
D:7:      layout_basic, enter_bailey_4, uniq_crazy_yiuf_cottage
D:8:      layout_rooms, serial_bayou_ford_a, kennysheep_generic_room_2
D:9:      layout_basic, trog_butcher_becter, minmay_orc_keep
D:10:     layout_long_grid, serial_shops, nicolae_shop_tiny_glass,
          nicolae_hexahallways
D:11:     layout_small_grid, grunt_lair_entry_orc_guard_hut, erik_orc_2,
          serial_shops, kennysheep_mini_moat, nicolae_shop_tiny_glass, shop,
          shop, nicolae_shop_pleasant_corner_grove
D:12:     layout_stronghold, uniq_psyche
D:13:     layout_stronghold, david_vaults_2, serial_ice, serial_ice_o,
          serial_ice_b, serial_ice_l, serial_ice_g, serial_ice_n, serial_ice_m,
          serial_ice_c, serial_ice_h, serial_ice_f, serial_ice_e, uniq_sonja
D:14:     layout_roguey, nicolae_vehumet_altar_sigil, serial_ice, serial_ice_d,
          serial_ice_k, serial_ice_g, serial_ice_b, drop_trap
D:15:     grunt_enter_depths_magical_seal, layout_cave_pools, serial_ice,
          serial_ice_m, serial_ice_b, serial_ice_a, serial_ice_g,
          grunt_ministairs_8, minivault_28
Temple:   bh_familiar_temple
Lair:1:   layout_loops_ring, cheibrodos_lair_reptile_den, grunt_megastairs_5
Lair:2:   layout_regular_city, gauntlet_entry_generic
Lair:3:   nzn_winding_woodlands_stair_trap
          [nzn_winding_woodlands_5x15_sidewinder,
          nzn_winding_woodlands_5x15_jagged, nzn_winding_woodlands_5x15_cabin,
          nzn_winding_woodlands_15x15_thick_spiral,
          nzn_winding_woodlands_5x15_longhouse,
          nzn_winding_woodlands_5x15_sawtooth,
          nzn_winding_woodlands_5x15_crooked], layout_chaotic_city,
          minmay_swamp_entry_worms, nicolae_snake_entry_warm_welcome
Lair:4:   layout_concentric_octagons, pdpol_lair_neglected_garden,
          grunt_megastairs_3
Lair:5:   evilmike_catoblepas_cave, layout_loops_ring,
          nicolae_slime_entry_field_trip, portal_ice_cave_entry_pillars_2,
          grunt_forest_stairs_basic, chequers_serial_rivers_large_a
Orc:1:    layout_caves
Orc:2:    grunt_orc_gardens, layout_caves, grunt_orc_garden, grunt_orc_garden,
          grunt_orc_garden, grunt_orc_garden

Skill      XL: |  1  2  3  4  5  6  7  8  9 10 11 12 13 14 15 16 |
---------------+-------------------------------------------------+-----
Axes           | 2 3 4 5 6 7 8 9 11 12 14 15 16 17 | 17.2
Fighting       | 4 5 7 9 10 11 12 13 | 13.0
Dodging        | 1 2 3 |  3.0
Armour         | 4 6 7 8 9 11 12 | 12.0
Invocations    | 4 8 10 | 10.0
Shields        | 4 5 10 11 12 13 | 13.0
Throwing       | 1 3 4 6 7 |  7.1

Action                     |  1- 3 |  4- 6 |  7- 9 | 10-12 | 13-15 | 16-18 || total
---------------------------+-------+-------+-------+-------+-------+-------++-------
  Melee: War axe           |    71 |   182 |   318 |   422 |       |       ||   993
         Flail             |       |       |       |     8 |    27 |       ||    35
         Broad axe         |       |       |       |   265 |  1273 |   334 ||  1872
         Morningstar       |       |       |       |       |    23 |    21 ||    44
  Throw: Javelin           |       |       |       |    26 |   149 |    17 ||   192
         Boomerang         |       |       |       |     1 |    30 |       ||    31
 Invoke: Heroism           |       |       |     8 |    28 |    50 |    10 ||    96
         Finesse           |       |       |       |     1 |     2 |       ||     3
    Use: Scroll            |     2 |     9 |     7 |    13 |     5 |     4 ||    40
         Potion            |       |     4 |     2 |       |     5 |     1 ||    12
   Stab: Petrifying        |       |       |       |       |     1 |       ||     1
 Armour: Scale mail        |    26 |    12 |       |       |       |       ||    38
         Chain mail        |       |   102 |    27 |       |       |       ||   129
         Plate armour      |       |       |   185 |   421 |   817 |   283 ||  1706
  Dodge: Dodged            |    16 |    63 |    96 |   259 |   392 |   173 ||   999
  Block: Buckler           |    18 |    38 |    78 |   108 |       |       ||   242
         Kite shield       |       |       |       |   205 |   751 |   254 ||  1210

Table legend:
 A = Non-vault XP
 B = Vault XP
 C = Vault XP percentage of total XP
 D = Non-vault monster count
 E = Vault monster count
 F = Vault count percentage of total count
                 A         B        C        D         E       F
            +---------+---------+-------+---------+---------+-------
      Total |  105467 |   52456 |  33.2 |     493 |     245 |  33.2
            +---------+---------+-------+---------+---------+-------
        D:1 |      33 |       0 |   0.0 |      17 |       0 |   0.0
        D:2 |      60 |       0 |   0.0 |      24 |       0 |   0.0
        D:3 |      96 |      19 |  16.5 |      13 |       4 |  23.5
        D:4 |     362 |     267 |  42.4 |      21 |       2 |   8.7
        D:5 |     672 |     169 |  20.1 |      15 |       1 |   6.2
        D:6 |    1418 |    1109 |  43.9 |      29 |       6 |  17.1
        D:7 |    1019 |      12 |   1.2 |      16 |       5 |  23.8
        D:8 |    1597 |     240 |  13.1 |      16 |       3 |  15.8
        D:9 |    5542 |     461 |   7.7 |      24 |      13 |  35.1
       D:10 |    3845 |       0 |   0.0 |      21 |       0 |   0.0
       D:11 |    4228 |    1509 |  26.3 |      25 |      24 |  49.0
       D:12 |    5148 |     358 |   6.5 |      19 |       1 |   5.0
       D:13 |    9119 |    6806 |  42.7 |      19 |      24 |  55.8
       D:14 |   15996 |    1276 |   7.4 |      29 |       8 |  21.6
       D:15 |    6429 |   13908 |  68.4 |      18 |      34 |  65.4
     Lair:1 |    5969 |    1296 |  17.8 |      31 |       5 |  13.9
     Lair:2 |    3442 |       0 |   0.0 |      10 |       0 |   0.0
     Lair:3 |    8397 |   10644 |  55.9 |      31 |      30 |  49.2
     Lair:4 |    7136 |     806 |  10.1 |      25 |       3 |  10.7
     Lair:5 |   18300 |   10513 |  36.5 |      41 |      28 |  40.6
      Orc:1 |    6345 |       0 |   0.0 |      41 |       0 |   0.0
      Orc:2 |     314 |    2339 |  88.2 |       8 |       7 |  46.7
      Sewer |       0 |     218 | 100.0 |       0 |      22 | 100.0
    Ossuary |       0 |     506 | 100.0 |       0 |      25 | 100.0
            +---------+---------+-------+---------+---------+-------
